AoeStats
← adripanzer

Arena

510505508Analyzed
2v2 RM · 21h ago on Oct 1, 2026· 20m 43s· 4 players
Game mode
Random Map
Map size
Medium (4 player)
Population
200
Speed
Normal
Resources
Standard
Victory
Conquest
Starting age
Dark Age
Ending age
Imperial Age
RankedLock teamsTeams togetherTeam positionsShared explorationLock speedFull tech treeHidden civsTurbo modeCheats
Victory
Defeat
🇪🇸 Poles · Spain
639
+9
🇫🇮 Romans · Finland
594
+11
🇩🇪 Turks · Germany
702
-24
🇦🇺 Dravidians · Australia
202
-2
adripanzer
5:44 Loom
11:35 Feudal Age
12:00 Double-Bit Axe
11:57 Horse Collar
12:24 Man-at-Arms
14:34 Stone Mining
14:36 Gold Mining
22:45 Castle Age
finnstar25
0:41 Loom
11:23 Feudal Age
11:59 Double-Bit Axe
11:39 Man-at-Arms
12:59 Horse Collar
13:47 Gold Mining
14:08 Stone Mining
19:55 Wheelbarrow
20:25 Wheelbarrow
20:30 Wheelbarrow
20:36 Wheelbarrow
Katz
NATO♥ ҉
1:24 Loom
15:02 Feudal Age
16:33 Wheelbarrow
15:44 Town Watch
17:05 Horse Collar
Connection lost

Rejoining the realm…

Still unreachable

The connection could not be restored.

Session expired

The server has moved on; the page needs a fresh start.